AoeStats
← cisi1982

Arabia

509348442Analyzed
1v1 RM · 6d ago on Sep 26, 2026· 28m 11s· 2 players
Game mode
Random Map
Map size
Tiny (2 player)
Population
200
Speed
Normal
Resources
Standard
Victory
Conquest
Starting age
Dark Age
Ending age
Imperial Age
RankedLock teamsTeams togetherTeam positionsShared explorationLock speedFull tech treeHidden civsTurbo modeCheats
Victory
Defeat
🇨🇳 Khmer · China
992
+28
🇨🇿 Tatars · Czechia
951
-14
cisi1982
8:49 Loom
10:55 Feudal Age
11:08 Loom
15:04 Castle Age
14:15 Fletching
14:17 Double-Bit Axe
王炸炸
3:16 Loom
11:11 Feudal Age
16:35 Bloodlines
16:38 Forging
22:21 Castle Age
21:10 Double-Bit Axe
21:10 Horse Collar
22:31 Scale Barding Armor
23:39 Husbandry
24:46 Gold Mining
Connection lost

Rejoining the realm…

Still unreachable

The connection could not be restored.

Session expired

The server has moved on; the page needs a fresh start.